 Dungeon Crawl Stone Soup version 0.25-a0-733-gf7d8cd8a05 (webtiles) character file.

Game seed: 9550920585128396172, levelgen mode: deterministic

7 sanka the Sneak (level 1, -1/9 HPs)
             Began as a Felid Wanderer on Apr 9, 2020.
             Slain by a rat (3 damage)
             ... on level 1 of the Dungeon.
             The game lasted 00:00:35 (43 turns).

sanka the Sneak (Felid Wanderer)                      Turns: 43, Time: 00:00:35

Health: -1/9       AC:  1    Str:  9    XL:     1   Next: 83%
Magic:  2/4        EV: 15    Int: 15    God:
Gold:   0          SH:  0    Dex: 12    Spells: 3/4 levels left
                                        Lives:  0   Deaths: 0

rFire    . . .     SeeInvis +     - Unarmed
rCold    . . .     Gourm    .   (shield unavailable)
rNeg     . . .     Faith    .   (armour unavailable)
rPois    .         Spirit   .   (helmet unavailable)
rElec    .         Reflect  .   (cloak unavailable)
rCorr    .         Harm     .   (gloves unavailable)
MR       .....                  (boots unavailable)
Stlth    ++........             (no amulet)
HPRegen  0.03/turn              (no ring)
MPRegen  0.09/turn              (no ring)

@: quick
A: very small, no armour, no weapons or thrown items, stealth, claws 1, fangs 3,
see invisible, carnivore, speed 1, shaggy fur 1, slow metabolism 1, sharp paws
a: no special abilities


You were on level 1 of the Dungeon.
You were not hungry.

You visited 1 branch of the dungeon, and saw 1 of its levels.


Innate Abilities, Weirdness & Mutations

You cannot wear armour.
You are incapable of wielding weapons or throwing items.
Your paws allow you to move quietly. (Stealth)
You have sharp claws.
You have razor-sharp teeth.
You have supernaturally acute eyesight. (SInv)
You are carnivorous and can eat meat at any time.
You cover ground quickly.
You are covered in fur. (AC +1)
You have a slow metabolism.
Your sharp claws are effective at attacking unaware monsters.


   Skills:
 - Level 1.0 Fighting
 - Level 2.6 Stealth
 + Level 2.6 Unarmed Combat
 - Level 2.0 Spellcasting
   Level 1.7 Fire Magic
 - Level 1.0 Ice Magic


You had 3 spell levels left.
You knew the following spells:

 Your Spells              Type           Power        Failure   Level  Hunger
z - Freeze                Ice            #...         14%         1    #......

Your spell library contained the following spells:

 Spells                   Type           Power        Failure   Level  Hunger
 Ozocubu's Armour         Chrm/Ice       #.......     47%         3    ###....

Inventory:

Potions
 a - a potion of haste {@q3}
 c - a potion of lignification {!q}
Comestibles
 d - a ration

Dungeon Overview and Level Annotations

Branches:
Dungeon (1/15)

Altars:

▒ ▒ . ...... ▒. ▒.
...... ▒..▒▒. ▒..▒..▒
......▒▒▒▒▒......
K..K.........▒
▒.B.£....?.▒▒▒
▒.rh††..▒▒(..
.▒........▒.▒
[.............▒ ▒
▒.g▒........▒▒▒ .▒▒.
....▒...^..(.▒▒▒▒.....
▒.................▒
▒▒.≈≈≈≈≈≈≈≈≈≈.▒.▒▒.▒
▒..≈........≈....▒
...≈.....≈≈.≈.≈≈.▒


You could see a giant cockroach, a goblin, 2 kobolds and a rat.


Message History

The stone hits you but does no damage. The rat bites you.
The dart slug barely misses you.
You completely miss the dart slug.
The dart slug is severely wounded.
The rat bites you.
You scratch the dart slug but do no damage.
The dart slug is severely wounded.
The kobold throws a stone.
The stone hits you. The dart slug bites you.
* * * LOW HITPOINT WARNING * * *
The rat completely misses you.
A goblin comes into view. It is wielding a +0 club.
A kobold comes into view. It is wielding a +0 dagger.
The goblin shouts!
You claw the dart slug!
You kill the dart slug!
You hear an angry hiss.
The kobold throws a stone.
The stone misses you. The rat closely misses you.
You claw the hobgoblin!
You kill the hobgoblin!
The kobold throws a stone.
The stone misses you. The rat completely misses you.
You barely miss the rat. The rat bites you.
You die...

Action                   || total
-------------------------++-------
Melee: Unarmed           ||    14
       Bite              ||     1
 Cast: Freeze            ||     4
Armor: Skin              ||     1
Dodge: Dodged            ||    15

Levels and vault maps discovered:
D:1:      ebering_trefoil_twist, layout_loops_ring, serial_glass,
          glass_columns_b, glass_columns_a

Notes
Turn   | Place    | Note
-------+----------+-------------------------------------------
     0 | D:1      | sanka the Felid Wanderer began the quest for the Orb.
     0 | D:1      | sanka set off with the following items: a potion of haste
                  | {@q3}, a potion of lignification {!q}, a ration; and the
                  | following spell memorised: Freeze; and the following spells
                  | available to memorise: Ozocubu's Armour
     0 | D:1      | Reached XP level 1. HP: 9/9 MP: 4/4
    43 | D:1      | Slain by a rat

Vanquished Creatures
  A dart slug (D:1)
  A hobgoblin (D:1)
  A kobold (D:1)
  A frilled lizard (D:1)
  A rat (D:1)
5 creatures vanquished.
